 Dungeon Crawl Stone Soup version 0.24-a0-335-g06ca16a (webtiles) character file.

Game seed: 8764261247196324637

129 Borgoz the Slasher (level 5, 0/45 HPs)
             Began as a Hill Orc Gladiator on May 19, 2019.
             Slain by a wight
             ... wielding a +3 great sword of freezing
              (2 damage)
             ... on level 3 of the Dungeon.
             The game lasted 00:02:27 (1913 turns).

Borgoz the Slasher (Hill Orc Gladiator)             Turns: 1913, Time: 00:02:27

Health: 0/45       AC: 11    Str: 17    XL:     5   Next: 12%
Magic:  5/5        EV:  7    Int:  8    God:
Gold:   91         SH:  0    Dex: 13    Spells: 4/4 levels left

rFire    . . .     SeeInvis .   a - +0 long sword
rCold    . . .     Gourm    .   (no shield)
rNeg     . . .     Faith    .   n - +0 chain mail
rPois    .         Spirit   .   c - +0 helmet
rElec    .         Reflect  .   m - +0 cloak
rCorr    .         Harm     .   i - +0 pair of gloves
MR       .....                  (no boots)
Stlth    ..........             (no amulet)
HPRegen  0.15/turn              j - ring of wizardry
MPRegen  0.09/turn              (no ring)

@: drained
A: no striking features
a: no special abilities


You were on level 3 of the Dungeon.
You were not hungry.

You visited 1 branch of the dungeon, and saw 3 of its levels.

You collected 91 gold pieces.

Inventory:

Hand Weapons
 a - a +0 long sword (weapon)
Missiles
 d - 3 throwing nets (quivered)
Armour
 c - a +0 helmet (worn)
 i - a +0 pair of gloves (worn)
 m - a +0 cloak (worn)
 n - a +0 chain mail (worn)
Jewellery
 j - a ring of wizardry (left hand)
Scrolls
 b - 3 scrolls of teleportation {unknown}
 g - a scroll of enchant weapon {unknown}
 h - a scroll of enchant armour {unknown}
Potions
 e - 2 potions of cancellation
 k - 2 potions of berserk rage {unknown}
Comestibles
 f - 5 rations
 l - 3 chunks of flesh


   Skills:
 + Level 3.3(2.6) Fighting
 * Level 4.5(3.8) Long Blades
 - Level 1.7(1.1) Throwing
 + Level 1.5(0.9) Armour
 * Level 3.3(2.6) Dodging


You had 4 spell levels left.
You didn't know any spells.
Your spell library was empty.

Dungeon Overview and Level Annotations

Branches:
Dungeon (3/15)

Altars:


Message History

The wight barely misses you.
You riposte.
You hit the wight.
You destroy the wight!
You have reached level 5!
You feel stronger.
You barely miss the wight.
The wight hits you with a +3 great sword of freezing.
You feel drained. The wight freezes you.
You slash the wight!
The wight is heavily damaged.
The wight hits you with a +3 great sword of freezing.
You feel drained.
* * * LOW HITPOINT WARNING * * *
The wight freezes you.
* * * LOW HITPOINT WARNING * * *
You hit the wight.
The wight is almost destroyed.
The wight hits you with a +3 great sword of freezing!
* * * LOW HITPOINT WARNING * * *
The wight freezes you.
You die...

.... ####..## ....
....... #..# #.....
#..# ###....# #..#
...(..# #..# #....#
#..# #.z..###### #<.#
#####..>.>..... #..#
#.@z....######
#..#####.####(.#######
#........#
#.รท........
##.####### ##..#######
#.###########.#
#.........)...#
###############


You could see a wight.

Vanquished Creatures
  A wight (D:3)
  2 adders
  An ooze (D:3)
  3 worms
  A dart slug (D:1)
  4 leopard geckos
  A giant cockroach (D:2)
  5 goblins
  6 hobgoblins
  3 jackals (D:1)
  9 bats
  5 frilled lizards
  8 kobolds
  4 rats
53 creatures vanquished.

Notes
Turn   | Place    | Note
-------+----------+-------------------------------------------
     0 | D:1      | Borgoz the Hill Orc Gladiator began the quest for the Orb.
     0 | D:1      | Reached XP level 1. HP: 18/18 MP: 1/1
   212 | D:1      | Reached XP level 2. HP: 25/25 MP: 2/2
   341 | D:1      | Reached XP level 3. HP: 9/30 MP: 3/3
   892 | D:2      | Reached skill level 1 in Armour
  1170 | D:2      | Reached skill level 4 in Long Blades
  1424 | D:2      | Reached XP level 4. HP: 38/38 MP: 4/4
  1909 | D:3      | Reached XP level 5. HP: 20/45 MP: 5/5
  1913 | D:3      | HP: 2/45 [wight/+3 great sword of freezing (11)]
  1913 | D:3      | Slain by a wight

Levels and vault maps discovered:
D:1:      ncdulo_watergridlock, layout_rooms, minivault_5, minmay_tromino_mix6
D:2:      layout_loops_corners
D:3:      layout_loops_ring, first_ration

Skill      XL: |  1  2  3 |
---------------+----------+-----
Armour         | 1 |  1.5
Long Blades    | 4 |  4.5
Fighting       | 3 |  3.3
Dodging        | 3 |  3.3
Throwing       | |  1.7

Action                   |  1- 3 |  4- 6 || total
-------------------------+-------+-------++-------
Melee: Long sword        |   130 |    73 ||   203
  Use: Potion            |     2 |       ||     2
 Stab: Sleeping          |     1 |       ||     1
  Eat: Chunk             |     2 |     2 ||     4
Armor: Leather armour    |    42 |       ||    42
       Chain mail        |    26 |    42 ||    68
       Ring mail         |     6 |       ||     6
Dodge: Dodged            |    88 |    32 ||   120
       Rpst.: Long sword |    22 |    13 ||    35

Table legend:
 A = Non-vault XP
 B = Vault XP
 C = Vault XP percentage of total XP
 D = Non-vault monster count
 E = Vault monster count
 F = Vault count percentage of total count
                 A         B        C        D         E       F
            +---------+---------+-------+---------+---------+-------
      Total |     177 |       8 |   4.3 |      49 |       4 |   7.5
            +---------+---------+-------+---------+---------+-------
        D:1 |      39 |       8 |  17.0 |      21 |       4 |  16.0
        D:2 |      53 |       0 |   0.0 |      24 |       0 |   0.0
        D:3 |      85 |       0 |   0.0 |       4 |       0 |   0.0
            +---------+---------+-------+---------+---------+-------
